 Dungeon Crawl Stone Soup version 0.31-a0-595-g4209ae197b (webtiles) character file.

Game seed: 13615701455542783031

172 AdnanSaban the Cudgeller (level 5, -5/33 HPs)
             Began as a Gargoyle Fighter on Aug 20, 2023.
             Killed from afar by an orc wizard (10 damage)
             ... with a puff of flame
             ... on level 3 of the Dungeon.
             The game lasted 00:01:54 (1441 turns).

AdnanSaban the Cudgeller (Gargoyle Fighter)         Turns: 1441, Time: 00:01:55

Health: -5/33      AC: 11    Str: 22    XL:     5   Next: 53%
Magic:  5/5        EV: 14    Int:  8    God:
Gold:   166        SH:  0    Dex:  9    Spells: 4/4 levels left

rFire   . . .        a - +0 flail
rCold   . . .        c - +0 buckler
rNeg    + . .        b - +0 scale mail
rPois   ∞            (no helmet)
rElec   +            (no cloak)
rCorr   .            (no gloves)
SInv    .            (no boots)
Will    .....        (no amulet) Stlth
                     n - +5 ring of evasion
HPRegen 0.25/turn    (no ring)
MPRegen 0.09/turn

%: no passive effects
@: confused
A: sickness immunity, AC +4, negative energy resistance 1, electricity
resistance, torment resistance 1, petrification resistance
a: no special abilities


You were on level 3 of the Dungeon.
You visited 1 branch of the dungeon, and saw 3 of its levels.

You collected 166 gold pieces.

Inventory:

Hand Weapons
 a - a +0 flail (weapon)
Missiles
 g - 5 boomerangs
Armour
 b - a +0 scale mail (worn)
 c - a +0 buckler (worn)
Jewellery
 n - a +5 ring of evasion (left hand)
 q - a ring of fire
Wands
 u - a wand of paralysis (4)
Scrolls
 j - a scroll of amnesia {unknown}
 k - a scroll of enchant weapon {unknown}
 l - a scroll of acquirement {unknown}
 o - a scroll of noise {unknown}
 p - a scroll of poison {unknown}
 v - a scroll of identify {unknown}
Potions
 d - a potion of might
 e - a potion of mutation {unknown}
 f - a potion of ambrosia {unknown}
 h - a potion of invisibility {unknown}
 i - a potion of cancellation {unknown}
 m - 2 potions of haste {unknown}
 r - 2 potions of curing {unknown}
 s - 2 potions of resistance {unknown}
 t - a potion of brilliance {unknown}
 w - 2 potions of degeneration {unknown}


   Skills:
 + Level 4.0 Fighting
 + Level 4.3 Maces & Flails
 + Level 3.8 Armour
 + Level 0.1 Dodging
 + Level 0.2 Stealth
 + Level 3.8 Shields


You had 4 spell levels left.
You didn't know any spells.
Your spell library was empty.

Dungeon Overview and Level Annotations

Branches:
Dungeon (3/15)

Altars:
Cheibriados
Dithmenos
Fedhas
Ru
The Shining One

Annotations:
D:2 Sigmund


Innate Abilities, Weirdness & Mutations

You are immune to sickness and miasma.
Your stone body is resilient. (AC +4)
You are immune to poison.
You resist negative energy. (rN+)
You are resistant to electric shocks. (rElec)
You are resistant to unholy torment.
You are immune to petrification.


Message History

The puff of flame hits you but does no damage.
Something hits you.
* * * LOW HITPOINT WARNING * * *
You barely miss the orc wizard.
The orc wizard is moderately wounded.
The orc wizard closely misses you. Something hits you but does no damage.
You closely miss the orc wizard.
The orc wizard is moderately wounded.
The orc wizard barely misses you.
You hear some strange, mumbled words.
A puff of flame appears from out of thin air!
The puff of flame hits you but does no damage.
You barely miss the orc wizard.
The orc wizard is moderately wounded.
The orc wizard hits you but does no damage.
Something hits you but does no damage.
You hit the orc wizard.
The orc wizard is severely wounded.
An orc wizard appears from thin air!
Reactivating autopickup.
The orc wizard closely misses you.
The orc wizard hits you but does no damage. x2
You closely miss the orc wizard.
The orc wizard is severely wounded.
The orc wizard gestures at you while chanting.
The magic dart hits you but does no damage.
The orc wizard casts a spell at you. You resist with some effort.
The orc wizard hits you with a +0 dagger.
* * * LOW HITPOINT WARNING * * *
You sock the orc wizard!
You kill the orc wizard!
The orc wizard hits you with a +0 dagger.
* * * LOW HITPOINT WARNING * * *
The orc wizard gestures at you while chanting.
You are confused.
Items here: )) [[ †.
The orc wizard points at you and mumbles some strange words.
The puff of flame hits you!
You die...

#######.#o#.##.....
#....#.#.>....
#..>........#
#.####.#..### #.# #.#.....
#.# #.#.##### #.# #....#
###o# ###..# #@)<# #..#
#.### #..# #.# #..# #.#
#..# ..## #.# ##.#
.....##.#########.#
#..............##
#########.########...#####
#...).....# #............


You could see an orc wizard.

Vanquished Creatures
  An orc priest (D:3)
  Ijyb (D:3)
  An orc wizard (D:3)
  4 gnolls (D:2)
  An adder (D:2)
  2 dart slugs (D:1)
  An orc (D:3)
  5 ball pythons (D:1)
  6 endoplasms
  A giant cockroach (D:3)
  2 goblins
  4 hobgoblins
  4 kobolds (D:1)
  2 quokkas
  3 bats
  5 rats
43 creatures vanquished.

Notes
Turn   | Place    | Note
-------+----------+-------------------------------------------
     0 | D:1      | AdnanSaban the Gargoyle Fighter began the quest for the
                  | Orb.
     0 | D:1      | Reached XP level 1. HP: 14/14 MP: 1/1
    52 | D:1      | Reached XP level 2. HP: 19/19 MP: 2/2
   266 | D:1      | Reached XP level 3. HP: 23/23 MP: 3/3
   487 | D:1      | You fall into a shaft and drop 1 floor!
   904 | D:2      | Reached XP level 4. HP: 28/28 MP: 4/4
  1095 | D:2      | Noticed Sigmund
  1174 | D:3      | Noticed Ijyb
  1181 | D:3      | Paralysed by Ijyb for 2 turns
  1186 | D:3      | Killed Ijyb
  1268 | D:3      | Found a glowing golden altar of the Shining One.
  1276 | D:3      | Found a sacrificial altar of Ru.
  1281 | D:3      | Reached XP level 5. HP: 33/33 MP: 5/5
  1281 | D:3      | Found a shadowy altar of Dithmenos.
  1282 | D:3      | Found a blossoming altar of Fedhas.
  1283 | D:3      | Found a snail-covered altar of Cheibriados.
  1441 | D:3      | Killed from afar by an orc wizard

Illustrated notes

Levels and vault maps discovered:
D:1:      dpeg_arrival_tiny_c, layout_basic, minivault_27,
          minmay_misc_feat_enclosed
D:2:      layout_rooms, minivault_5, uniq_sigmund
D:3:      layout_loops_ring, minitemple, uniq_ijyb

Skill      XL: |  1  2  3  4  5 |
---------------+----------------+-----
Maces & Flails | 3 4 |  4.3
Fighting       | 4 |  4.0
Armour         | |  3.8
Dodging        | |  0.1
Stealth        | |  0.2
Shields        | |  3.8

Action                     |  1- 3 |  4- 6 || total
---------------------------+-------+-------++-------
  Melee: Flail             |    63 |    63 ||   126
 Armour: Scale mail        |    17 |    37 ||    54
  Dodge: Dodged            |    40 |    43 ||    83
  Block: Buckler           |    10 |    12 ||    22

Table legend: (Time is in decaauts)
 A = Elapsed time spent in this place.
 B = Non-inter-level travel time spent in this place.
 C = Inter-level travel time spent in this place.
 D = Time resting spent in this place.
 E = Time spent auto-exploring this place.
 F = Levels seen in this place.
 G = Mean time per level.
                   A        B        C        D        E       F      G
               +--------+--------+--------+--------+--------+-----+--------+
         Total |   1477 |   1467 |     10 |      0 |   1087 |   3 |  492.3 |
       Dungeon |   1477 |   1467 |     10 |      0 |   1087 |   3 |  492.3 |
               +--------+--------+--------+--------+--------+-----+--------+

Top non-repeatable levels by time:
     D:1: 823 daAuts
     D:2: 329 daAuts
     D:3: 325 daAuts
